 Dungeon Crawl Stone Soup version 0.17.1-3-g152610e (webtiles) character file.

1720 Peloso the Covered (level 8, -15/71 HPs)
             Began as a Minotaur Fighter on Apr 21, 2016.
             Demolished by a cyan ugly thing (16 damage)
             ... on level 6 of the Dungeon.
             The game lasted 00:10:55 (3521 turns).

Peloso the Covered (Minotaur Fighter)               Turns: 3521, Time: 00:10:55

Health: -15/71     AC: 12    Str: 26    XL:     8   Next: 75%
Magic:  7/7        EV: 11    Int:  5    God:
Gold:   291        SH: 11    Dex: 12    Spells: 0 memorised, 7 levels left

rFire  . . .     SeeInvis .     a - +0 long sword
rCold  . . .     Clarity  .     w - +0 scale mail
rNeg   . . .     SustAt   .     c - +0 shield
rPois  .         Gourm    .     (helmet restricted)
rElec  .         Spirit   .     z - +2 cloak {+Inv}
rCorr  .         Warding  .     (no gloves)
rMut   .         Stasis   .     v - +0 pair of boots
MR     .....                    (no amulet)
Stlth  ..........               (no ring)
                                (no ring)

@: mighty, not resistant to hostile enchantments, extremely unstealthy
A: retaliatory headbutt, horns 2
a: Evoke Invisibility


You were on level 6 of the Dungeon.
You were not hungry.

You visited 1 branch of the dungeon, and saw 6 of its levels.

You collected 291 gold pieces.

Inventory:

Hand Weapons
 a - a +0 long sword (weapon)
 x - a +0 mace of holy wrath
 y - a +1 mace of protection
 A - a +0 whip of flaming
Armour
 c - a +0 shield (worn)
 v - a +0 pair of boots (worn)
 w - a +0 scale mail (worn)
 z - a +2 cloak of invisibility (worn)
Jewellery
 F - an uncursed amulet of faith {unknown}
Wands
 r - a wand of slowing (21)
 B - a wand of lightning (1)
Scrolls
 i - a scroll of fear
 m - a scroll of enchant weapon {unknown}
 n - a scroll of remove curse
 o - a scroll of enchant armour {unknown}
 p - a scroll of teleportation {unknown}
 q - a scroll of fog {unknown}
 s - 3 scrolls of immolation {unknown}
 C - a scroll of random uselessness {unknown}
 E - 4 scrolls of identify
Potions
 d - a potion of might
 f - 2 potions of brilliance
 g - a potion of lignification {unknown}
 h - a potion of flight {unknown}
 j - 4 potions of curing
 k - 2 potions of ambrosia {unknown}
 u - a potion of berserk rage {unknown}
 D - a potion of degeneration {unknown}
Comestibles
 b - a chunk of flesh
 e - 4 bread rations
 l - 2 beef jerkies
 t - 5 meat rations


   Skills:
 + Level 6.6 Fighting
 + Level 6.0 Long Blades
 + Level 7.7 Armour
 + Level 4.7 Dodging
 + Level 0.6 Stealth
 + Level 7.3 Shields


You had 7 spell levels left.
You didn't know any spells.

Dungeon Overview and Level Annotations

Branches:
Dungeon (6/15)
 Temple: D:4-7

Altars:
Cheibriados
Dithmenos
Fedhas
Gozag
Trog
Xom
Zin


Innate Abilities, Weirdness & Mutations

You reflexively headbutt those who attack you in melee.
You have a pair of horns on your head.


Message History

The cyan ugly thing tentacle-slaps you! The cyan ugly thing shocks you!
You slash the cyan ugly thing!
The cyan ugly thing is moderately wounded.
You block the cyan ugly thing's attack.
You slash the cyan ugly thing!
The cyan ugly thing is heavily wounded.
The cyan ugly thing tentacle-slaps you. The cyan ugly thing shocks you!
The cyan ugly thing tentacle-slaps you!
* * * LOW HITPOINT WARNING * * *
The cyan ugly thing shocks you!
* * * LOW HITPOINT WARNING * * *
Some of the chunks of flesh in your inventory have rotted away.
The cyan ugly thing tentacle-slaps you but does no damage.
You slash the cyan ugly thing!
The cyan ugly thing is severely wounded.
You block the cyan ugly thing's attack. The cyan ugly thing tentacle-slaps you.
* * * LOW HITPOINT WARNING * * *
The cyan ugly thing shocks you!
You die...

###### # ##....## ####
###......# ####### ...#
#........#########......
##.####.######................
#.#....# ##.@...####......
##...#### ##u##.....#.#
.#.##..# #.######.#.# #
........###### #.# ###...###
### .#.##.........##.#
#......?###.. #..# ..#..#
#....# #.#####...#># ..##
..##..####..####.# ###...# ###
..# #.###........######....#
.# #..
..........###.........##


You could see a cyan ugly thing.

Vanquished Creatures
  Pikel (D:4)
  Sigmund (D:3)
  An ice beast (D:5)
  A sky beast (D:6)
  2 ogres (D:4)
  2 centaurs
  A giant frog (D:3)
  A scorpion (D:5)
  A crimson imp (D:6)
  A jelly (D:5)
  An orc priest (D:3)
  A hound (D:5)
  Crazy Yiuf (D:3)
  An orc wizard (D:5)
  Terence (D:3)
  3 worker ants
  6 gnolls
  7 adders
  An ooze (D:5)
  2 worms (D:2)
  2 giant geckos
  10 orcs
  2 ball pythons
  15 bats
  3 giant cockroaches
  13 hobgoblins
  9 jackals
  4 quokkas
  5 giant newts
  2 goblins
  5 kobolds
  3 rats
109 creatures vanquished.

Notes
Turn   | Place    | Note
--------------------------------------------------------------
     0 | D:1      | Peloso the Minotaur Fighter began the quest for the Orb.
     0 | D:1      | Reached XP level 1. HP: 19/19 MP: 0/0
    67 | D:1      | Reached XP level 2. HP: 27/27 MP: 1/1
   131 | D:1      | Reached skill level 4 in Shields
   451 | D:2      | Reached XP level 3. HP: 29/33 MP: 2/2
   907 | D:2      | Found a snail-covered altar of Cheibriados.
   974 | D:2      | Reached skill level 1 in Dodging
  1091 | D:3      | Reached XP level 4. HP: 40/40 MP: 3/3
  1547 | D:3      | Reached XP level 5. HP: 28/46 MP: 4/4
  1582 | D:3      | Noticed Terence
  1593 | D:3      | Killed Terence
  1900 | D:3      | Noticed Crazy Yiuf
  1904 | D:3      | Killed Crazy Yiuf
  1904 | D:3      | Reached skill level 5 in Armour
  1904 | D:3      | Reached skill level 5 in Shields
  2022 | D:3      | Noticed Sigmund
  2035 | D:3      | Killed Sigmund
  2035 | D:3      | Reached XP level 6. HP: 37/53 MP: 5/5
  2279 | D:4      | Noticed an angel
  2280 | D:4      | Found a glowing silver altar of Zin.
  2281 | D:4      | Found a shimmering altar of Xom.
  2443 | D:4      | Reached skill level 5 in Fighting
  2443 | D:4      | Reached skill level 6 in Armour
  2443 | D:4      | Reached XP level 7. HP: 59/61 MP: 6/6
  2470 | D:4      | Found an opulent altar of Gozag.
  2834 | D:4      | Noticed Pikel
  2851 | D:4      | Killed Pikel
  2851 | D:4      | Reached skill level 5 in Long Blades
  2851 | D:4      | Reached skill level 7 in Armour
  2851 | D:4      | Reached XP level 8. HP: 48/70 MP: 7/7
  2911 | D:5      | Entered Level 5 of the Dungeon
  3222 | D:5      | Found a bloodstained altar of Trog.
  3458 | D:6      | Found a blossoming altar of Fedhas.
  3459 | D:6      | Found a shadowy altar of Dithmenos.
  3498 | D:6      | Noticed a cyan ugly thing
  3507 | D:6      | HP: 3/71 [cyan ugly thing (15)]
  3521 | D:6      | HP: 1/71 [cyan ugly thing (5)]
  3521 | D:6      | Demolished by a cyan ugly thing

Action                   |  1- 3 |  4- 6 |  7- 9 || total
-------------------------+-------+-------+-------++-------
Melee: Long sword        |    90 |    80 |   109 ||   279
  Use: Scroll            |       |     5 |       ||     5
       Potion            |       |       |     1 ||     1
  Eat: Chunk             |     1 |     4 |     4 ||     9
